 Dungeon Crawl Stone Soup version 0.25-a0-890-g62861fb (webtiles) character file.

Game seed: 140585228032602996, levelgen mode: deterministic

457 BlueFish the Insei (level 7, 0/45 HPs)
             Began as an Octopode Transmuter on May 10, 2020.
             Slain by a centaur (10 damage)
             ... on level 5 of the Dungeon.
             The game lasted 00:09:25 (3785 turns).

BlueFish the Insei (Octopode Transmuter)            Turns: 3785, Time: 00:09:25

Health: 0/45       AC:  1    Str: 12    XL:     7   Next: 6%
Magic:  11/11      EV: 14    Int: 20    God:
Gold:   165        SH:  0    Dex: 12    Spells: 6/12 levels left

rFire    . . .     SeeInvis .     - Unarmed
rCold    . . .     Gourm    +   (no shield)
rNeg     . . .     Faith    .   (helmet restricted)
rPois    .         Spirit   .   e - amulet of the gourmand
rElec    .         Reflect  .   k - +3 ring of intelligence
rCorr    .         Harm     .   (no ring)
MR       .....                  (no ring)
Stlth    +++.......             (no ring)
HPRegen  0.15/turn              (no ring)
MPRegen  0.12/turn              (no ring)
                                (no ring)
                                (no ring)

@: appendage
A: almost no armour, stealthy swim, amphibious, 8 rings, constrict 8, antennae
1, tentacle spike 3, camouflage 1, clever 1, mutation resistance 1, screaming 1,
gelatinous body 1
a: End Transformation


You were on level 5 of the Dungeon.
You were not hungry.
One of your tentacles had a temporary spike.
You visited 1 branch of the dungeon, and saw 5 of its levels.

You collected 165 gold pieces.

Inventory:

Missiles
 a - 47 arrows
 l - 45 stones (quivered)
Jewellery
 e - an amulet of the gourmand (around mantle)
 k - a +3 ring of intelligence (left tentacle)
Wands
 o - a wand of scattershot (5)
 p - a wand of paralysis (24)
Scrolls
 b - 2 scrolls of remove curse
 d - 2 scrolls of teleportation
 n - a scroll of fear
Potions
 f - 3 potions of might
 g - a potion of degeneration {unknown}
 h - a potion of lignification {unknown}
 i - 2 potions of brilliance
 j - 3 potions of curing {unknown}
 m - a potion of invisibility {unknown}
 q - a potion of berserk rage {unknown}
Comestibles
 c - 8 rations


   Skills:
 * Level 2.2 Fighting
 * Level 3.0 Dodging
 * Level 2.9 Stealth
 * Level 4.8 Unarmed Combat
 + Level 3.1 Spellcasting
 * Level 3.5 Transmutations
 * Level 2.1 Poison Magic


You had 6 spell levels left.
You knew the following spells:

 Your Spells              Type           Power        Failure   Level  Hunger
a - Beastly Appendage     Tmut           ###...       3%          1    None
b - Sticks to Snakes      Tmut           ###.....     4%          2    ##.....
c - Spider Form           Tmut/Pois      ##........   13%         3    ###....

Your spell library contained the following spells:

 Spells                   Type           Power        Failure   Level  Hunger
 Ice Form                 Ice/Tmut       ##......     56%         4    ####...
 Blade Hands              Tmut           ###.......   67%         5    ######.


Dungeon Overview and Level Annotations

Branches:
Dungeon (5/15)
 Temple: D:4-7

Altars:
Hepliaklqana
Qazlal
Wu Jian

Annotations:
D:2 Sigmund


Innate Abilities, Weirdness & Mutations

You cannot wear most types of armour.
You are very stealthy in the water. (Stealth+)
You are amphibious.
You can wear up to eight rings at the same time.
You can use your tentacles to constrict eight enemies at once.
Your skin changes colour to match your surroundings (Stealth+).
Your rubbery body absorbs attacks. (AC +1, EV +1)
You have a pair of small antennae on your head.
One of your tentacles bears a large vicious spike.
Your mind is acute. (Int +2)
You are somewhat resistant to further mutation.
You occasionally shout uncontrollably at your foes.


Message History

The centaur is moderately wounded.
The centaur hits you!
You closely miss the centaur.
The centaur is moderately wounded.
The centaur closely misses you. The centaur barely misses you.
You barely miss the centaur.
The centaur is moderately wounded.
The centaur closely misses you.
You tentacle-slap the centaur but do no damage.
You pierce the centaur.
The centaur is moderately wounded.
The centaur hits you!
You barely miss the centaur.
The centaur is moderately wounded.
The centaur hits you. The centaur hits you!
* * * LOW HITPOINT WARNING * * *
You bludgeon the centaur!
The centaur is severely wounded.
The centaur hits you!
You die...

......
#^####..#.##.######
.......
#.####.....#.##...#
...#
##.##...........<#.#
#.....#.....#.##...##
#........#.##.#.....#
#.#...........#.#.#.#
#.#.####.######.#.#.#
#.#.####.# #.#.. .
#...@c.#.# #.#...
#...##.#.# #.#.#..
#...# # #......
.....? ###.##.
###..## #.. #.. ...


You could see a centaur.

Vanquished Creatures
  A phantom (D:4)
  An ogre (D:4)
  A scorpion (D:4)
  A bullfrog skeleton (D:4)
  A hound (D:4)
  Crazy Yiuf (D:2)
  A worker ant (D:4)
  A hound skeleton (D:5)
  A howler monkey skeleton (D:4)
  4 adders
  2 shadow imps (D:5)
  2 oozes (D:1)
  2 worms
  6 dart slugs
  2 leopard geckos
  An orc (D:4)
  4 giant cockroaches
  5 goblins
  7 hobgoblins
  3 jackals (D:1)
  2 ball pythons
  5 bats
  A frilled lizard (D:2)
  4 kobolds
  5 rats
64 creatures vanquished.

Notes
Turn   | Place    | Note
-------+----------+-------------------------------------------
     0 | D:1      | BlueFish the Octopode Transmuter began the quest for the
                  | Orb.
     0 | D:1      | Reached XP level 1. HP: 13/13 MP: 3/3
   113 | D:1      | Reached XP level 2. HP: 11/18 MP: 3/5
   435 | D:1      | Reached XP level 3. HP: 12/23 MP: 4/6
   439 | D:1      | Learned a level 2 spell: Sticks to Snakes
   443 | D:1      | Learned a level 3 spell: Spider Form
   862 | D:2      | Reached skill level 1 in Stealth
  1124 | D:2      | Noticed Sigmund
  1296 | D:2      | Found a hazy altar of Hepliaklqana.
  1301 | D:2      | Found a stormy altar of Qazlal.
  1322 | D:2      | Reached XP level 4. HP: 20/28 MP: 5/7
  1560 | D:2      | Found a runed translucent door.
  1561 | D:2      | Noticed Crazy Yiuf
  1680 | D:2      | Killed Crazy Yiuf
  1680 | D:2      | Reached skill level 4 in Unarmed Combat
  1684 | D:2      | Gained mutation: Potions are less effective at restoring
                  | your health. [potion of mutation]
  1684 | D:2      | Gained mutation: You occasionally shout uncontrollably at
                  | your foes. [potion of mutation]
  1684 | D:2      | Gained mutation: You have a pair of small antennae on your
                  | head. [potion of mutation]
  1684 | D:2      | Gained mutation: You are agile. (Dex +2) [potion of
                  | mutation]
  2158 | D:3      | Lost mutation: You are agile. (Dex +2) [potion of mutation]
  2158 | D:3      | Lost mutation: Potions are less effective at restoring your
                  | health. [potion of mutation]
  2158 | D:3      | Gained mutation: Your mind is acute. (Int +2) [potion of
                  | mutation]
  2158 | D:3      | Gained mutation: You are somewhat resistant to further
                  | mutation. [potion of mutation]
  2370 | D:3      | Found an ornate altar of the Wu Jian Council.
  2474 | D:3      | Reached XP level 5. HP: 30/33 MP: 8/8
  2482 | D:3      | Reached skill level 1 in Poison Magic
  2918 | D:4      | Noticed an ogre
  2931 | D:4      | Reached XP level 6. HP: 25/39 MP: 8/10
  3298 | D:4      | Noticed a phantom
  3330 | D:4      | Killed a phantom
  3635 | D:5      | Entered Level 5 of the Dungeon
  3738 | D:5      | Reached XP level 7. HP: 41/45 MP: 9/11
  3785 | D:5      | Slain by a centaur

Levels and vault maps discovered:
D:1:      dpeg_arrival_shelter, layout_loops_ring, hangedman_decor_slide_cut
D:2:      layout_rooms, amethyst_overflow_temple_binary, uniq_sigmund,
          uniq_crazy_yiuf_cottage
D:3:      layout_loops_ring, overflow_temple_1_default
D:4:      layout_cave_pools, first_ration
D:5:      layout_loops_cross, kiku_gazebo_pond_becter,
          minmay_misc_feat_nine_boxes

Skill      XL: |  1  2  3  4  5  6  7 |
---------------+----------------------+-----
Stealth        | 1 2 |  2.9
Unarmed Combat | 4 |  4.8
Poison Magic   | 1 2 |  2.1
Transmutations | 3 |  3.5
Fighting       | 2 |  2.2
Spellcasting   | 3 |  3.1
Dodging        | 3 |  3.0

Action                   |  1- 3 |  4- 6 |  7- 9 || total
-------------------------+-------+-------+-------++-------
Melee: Unarmed           |    67 |    84 |    10 ||   161
       Tentacles         |    11 |     6 |     1 ||    18
       Kick              |     8 |    28 |     3 ||    39
       Constrict         |    18 |    20 |     1 ||    39
       Punch             |     6 |       |       ||     6
 Cast: Beastly Appendage |    21 |    26 |     1 ||    48
       Spider Form       |       |     3 |       ||     3
       Sticks to Snakes  |       |     5 |       ||     5
  Use: Scroll            |     1 |     4 |       ||     5
       Potion            |       |     5 |       ||     5
 Stab: Sleeping          |     3 |     5 |       ||     8
  Eat: Chunk             |     2 |    10 |       ||    12
Armor: Skin              |     4 |     4 |       ||     8
Dodge: Dodged            |    33 |    41 |     7 ||    81

Table legend:
 A = Non-vault XP
 B = Vault XP
 C = Vault XP percentage of total XP
 D = Non-vault monster count
 E = Vault monster count
 F = Vault count percentage of total count
                 A         B        C        D         E       F
            +---------+---------+-------+---------+---------+-------
      Total |     614 |      39 |   6.0 |      63 |       1 |   1.6
            +---------+---------+-------+---------+---------+-------
        D:1 |      47 |       0 |   0.0 |      21 |       0 |   0.0
        D:2 |      48 |      39 |  44.8 |      11 |       1 |   8.3
        D:3 |      41 |       0 |   0.0 |      14 |       0 |   0.0
        D:4 |     423 |       0 |   0.0 |      13 |       0 |   0.0
        D:5 |      55 |       0 |   0.0 |       4 |       0 |   0.0
            +---------+---------+-------+---------+---------+-------
